 Dungeon Crawl Stone Soup version 0.31-a0-810-ga77100ea1a (webtiles) character file.

Game seed: 3425584034918045546

125 LeprechaunX the Changeling (level 5, -2/34 HPs)
             Began as an Octopode Shapeshifter on Sept 21, 2023.
             Slain by a gnoll
             ... wielding a +0 spear
              (7 damage)
             ... on level 4 of the Dungeon.
             The game lasted 00:03:20 (2650 turns).

LeprechaunX the Changeling (Octopode Shapeshifter)  Turns: 2650, Time: 00:03:21

Health: -2/34      AC:  1    Str: 20    XL:     5   Next: 9%
Magic:  5/5        EV: 13    Int: 12    God:
Gold:   188        SH:  0    Dex: 12    Spells: 4/4 levels left

rFire   . .          .
                       - Unarmed
rCold   . . .        (no shield)
rNeg    . . .        (helmet currently unavailable)
rPois   +            n - amulet of Desertification {Faith rPois Will- Str+5 Stlth+}
rElec   .            i - ring of willpower
rCorr   .            (no ring)
SInv    .            (no ring)
Will    .....        (no ring)
Stlth   +++          (no ring)
HPRegen 0.25/turn    (no ring)
MPRegen 0.09/turn    (no ring)
                     (no ring)

%: faith
@: beast-form
A: beast (slay +2), almost no armour, amphibious, 8 rings, camouflage 1,
gelatinous body 1, (nimble swimmer 1), tentacles
a: Begin Untransformation


You were on level 4 of the Dungeon.
You were a hulking beast.
You visited 1 branch of the dungeon, and saw 4 of its levels.

You collected 188 gold pieces.

Inventory:

Missiles
 d - 2 curare-tipped darts
 l - 6 boomerangs
Jewellery
 i - a ring of willpower (left tentacle)
 n - the amulet of Desertification (around mantle) {Faith rPois Will- Str+5 Stlth+}
   (You found it on level 3 of the Dungeon)

   [amulet of faith]

   Faith:     It allows you to gain divine favour quickly.
   Str+5:     It affects your strength (+5).
   rPois:     It protects you from poison Will-: It decreases your willpower.
   Stlth+:    It makes you more stealthy.
Talismans
 b - a beast talisman (active)
 c - a flux talisman
Wands
 o - a wand of iceblast (13)
Scrolls
 e - a scroll of identify {unknown}
 f - a scroll of fog {unknown}
 h - a scroll of teleportation {unknown}
 k - a scroll of enchant armour {unknown}
 p - a scroll of fear {unknown}
 q - a scroll of enchant weapon {unknown}
Potions
 a - a potion of lignification
 g - a potion of haste {unknown}
 j - a potion of enlightenment {unknown}
 m - a potion of resistance {unknown}
 r - a potion of attraction {unknown}
 s - a potion of brilliance {unknown}


   Skills:
 + Level 2.2 Fighting
 + Level 2.8 Dodging
 + Level 3.6 Unarmed Combat
 * Level 4.0 Shapeshifting


You had 4 spell levels left.
You didn't know any spells.
Your spell library contained the following spells:

 Spells                   Type           Power      Damage    Failure   Level
 Poisonous Vapours        Pois/Air       0%         N/A       45%         2
 Mephitic Cloud           Conj/Pois/Air  0%         N/A       69%         3
 Freezing Cloud           Conj/Ice/Air   0%         6-21      100%        5


Dungeon Overview and Level Annotations

Branches:
Dungeon (4/15)
 Temple: D:4-7

Altars:
Sif Muna

Annotations:
D:2 1 runed translucent door, Crazy Yiuf


Innate Abilities, Weirdness & Mutations

You are a hulking beast.
Your limbs bulge with bestial killing power. (Slay +2)
You cannot wear most types of armour.
You are amphibious.
You can wear up to eight rings at the same time.
Your skin changes colour to match your surroundings (Stealth+).
Your rubbery body absorbs attacks. (AC +1, EV +1)
((You are camouflaged when in or above water. (Stealth+)))
You have tentacles for arms and can constrict up to eight enemies at once.


Message History

The orc closely misses you. The orc attacks as it pursues you!
The orc closely misses you. Something hits you.
The gnoll attacks as it pursues you! The gnoll barely misses you.
The gnoll hits you with a +0 club. The gnoll attacks as it pursues you!
The gnoll barely misses you. Something hits you but does no damage.
The gnoll attacks as it pursues you! The gnoll barely misses you.
The gnoll bouda gazes fiercely through you!
You feel as though you will be weak longer.
You hear some strange, mumbled words.
Something tries to affect you, but you resist.
The orc attacks as it pursues you! The orc closely misses you.
The gnoll hits you from afar with a +0 spear!
* * * LOW HITPOINT WARNING * * *
Found an escape hatch in the ceiling.
The gnoll hits you with a +0 flail!
* * * LOW HITPOINT WARNING * * *
You barely miss the gnoll. You grab the gnoll.
Your attacks no longer feel as feeble.
You constrict the gnoll. The gnoll closely misses you.
Unknown command.
You release your grip on the gnoll.
The gnoll completely misses you.
You tentacle-slap the gnoll. You grab the gnoll.
The gnoll is severely wounded.
You constrict the gnoll.
The gnoll is no longer moving quickly. x2
Unknown command.
You release your grip on the gnoll.
The gnoll attacks as it pursues you! The gnoll completely misses you.
You barely miss the gnoll. You grab the gnoll.
The gnoll is almost dead.
You constrict the gnoll.
You kill the gnoll!
The gnoll is no longer moving quickly.
You have reached level 5!
You feel agile.
You barely miss the gnoll. Your grab misses the gnoll. You squeeze the gnoll!
The gnoll is severely wounded.
The gnoll closely misses you.
The gnoll hits you from afar with a +0 spear!
You die...

##...............# #.#.
##........g...# #########.#.
#...........## #...........
#.....[....## #.####....##
####....g.## #.#....##.#.
##...g.g## ##...#####.#.
##..##..# #..........#.
########.#######.##########.
........gggh.>...# #..
################## ########
#....... #.###### #.# #.#
#.# ########### #.#
#<........# #.#


You could see 3 gnolls.

Vanquished Creatures
  A gnoll (D:4)
  4 adders
  5 worms
  2 dart slugs
  6 orcs
  2 ball pythons (D:1)
  6 endoplasms
  2 giant cockroaches (D:1)
  6 hobgoblins
  3 kobolds
  A quokka (D:2)
  6 bats
  2 frilled lizards
  6 goblins
  4 rats
56 creatures vanquished.

Notes
Turn   | Place    | Note
-------+----------+-------------------------------------------
     0 | D:1      | LeprechaunX the Octopode Shapeshifter began the quest for
                  | the Orb.
     0 | D:1      | Reached XP level 1. HP: 13/13 MP: 1/1
   113 | D:1      | Reached XP level 2. HP: 18/18 MP: 2/2
   868 | D:2      | Reached XP level 3. HP: 23/23 MP: 3/3
  1448 | D:2      | Reached XP level 4. HP: 29/29 MP: 4/4
  1848 | D:2      | Found a runed translucent door.
  1849 | D:2      | Noticed Crazy Yiuf
  1893 | D:3      | Found a shimmering blue altar of Sif Muna.
  1924 | D:3      | Identified the amulet of Desertification {Faith rPois Will-
                  | Str+5 Stlth+}
  2627 | D:4      | Reached skill level 4 in Shapeshifting
  2650 | D:4      | Reached XP level 5. HP: 5/34 MP: 5/5
  2650 | D:4      | Slain by a gnoll

Illustrated notes

Levels and vault maps discovered:
D:1:      dpeg_arrival_houses_and_road, layout_basic, minmay_distorted
D:2:      layout_loops_corners, uniq_crazy_yiuf_cottage
D:3:      layout_loops_ring, mainiacjoe_overflow_catwalk
D:4:      layout_basic, serial_shops, shop_statue, uniq_natasha

Skill      XL: |  1  2  3  4 |
---------------+-------------+-----
Fighting       | 2 |  2.2
Shapeshifting  | 4 |  4.0
Dodging        | |  2.8
Unarmed Combat | |  3.6

Action                     |  1- 3 |  4- 6 || total
---------------------------+-------+-------++-------
  Melee: Unarmed           |    63 |    56 ||   119
         Constrict         |    17 |    19 ||    36
         Tentacles         |    15 |    12 ||    27
         Punch             |     4 |     5 ||     9
   Stab: Sleeping          |     6 |     6 ||    12
 Armour: Skin              |    17 |    21 ||    38
  Dodge: Dodged            |    32 |    23 ||    55

Table legend: (Time is in decaauts)
 A = Elapsed time spent in this place.
 B = Non-inter-level travel time spent in this place.
 C = Inter-level travel time spent in this place.
 D = Time resting spent in this place.
 E = Time spent auto-exploring this place.
 F = Levels seen in this place.
 G = Mean time per level.
                   A        B        C        D        E       F      G
               +--------+--------+--------+--------+--------+-----+--------+
         Total |   2641 |   2597 |     44 |      0 |   2221 |   4 |  660.2 |
       Dungeon |   2641 |   2597 |     44 |      0 |   2221 |   4 |  660.2 |
               +--------+--------+--------+--------+--------+-----+--------+

Top non-repeatable levels by time:
     D:2: 1103 daAuts
     D:1: 764 daAuts
     D:3: 626 daAuts
     D:4: 148 daAuts
